 Dungeon Crawl Stone Soup version 0.30-a0-341-g682706514a (webtiles) character file.

Game seed: 11020430301017876674

350 bande the Covered (level 6, -1/39 HPs)
             Began as a Gargoyle Fighter on Nov 4, 2022.
             Was an Initiate of Okawaru.
             Slain by a gnoll sergeant
             ... wielding a +0 spear
              (3 damage)
             ... on level 4 of the Dungeon.
             The game lasted 00:06:38 (3253 turns).

bande the Covered (Gargoyle Fighter)                Turns: 3253, Time: 00:06:38

Health: -1/39      AC: 14    Str: 19    XL:     6   Next: 60%
Magic:  6/6        EV:  9    Int:  9    God:    Okawaru [......]
Gold:   204        SH:  4    Dex: 11    Spells: 5/5 levels left

rFire   . . .      SeeInvis .    a - +1 war axe
rCold   . . .      Faith    .    c - +0 buckler
rNeg    + . .      Spirit   .    b - +0 scale mail
rPois   ∞          Reflect  .    q - +0 helmet
rElec   +          Harm     .    (no cloak)
rCorr   .          Rampage  .    (no gloves)
Will    .....                    r - +0 pair of boots
Stlth   ..........               (no amulet)
HPRegen 0.26/turn                (no ring)
MPRegen 0.10/turn                (no ring)

@: no status effects
A: sickness immunity, AC +4, negative energy resistance 1, electricity
resistance, torment resistance 1, petrification resistance
a: Renounce Religion


You were on level 4 of the Dungeon.
You worshipped Okawaru.
Okawaru was noncommittal.
You visited 1 branch of the dungeon, and saw 4 of its levels.

You collected 204 gold pieces.

Inventory:

Hand Weapons
 a - a +1 war axe (weapon)
 l - a +0 flail
Armour
 b - a +0 scale mail (worn)
 c - a +0 buckler (worn)
 g - an orb of light
 q - a +0 helmet (worn)
 r - a +0 pair of boots (worn)
Jewellery
 i - a ring of ice
 n - a ring of wizardry
Wands
 p - a wand of iceblast (9)
 s - a wand of light (11)
Scrolls
 e - 2 scrolls of teleportation
 j - a scroll of amnesia
 m - a scroll of enchant weapon
Potions
 d - 3 potions of might
 f - 2 potions of heal wounds
 h - a potion of curing {unknown}
 k - 2 potions of resistance
 o - a potion of ambrosia {unknown}
 t - 2 potions of brilliance {unknown}


   Skills:
 + Level 4.4 Fighting
 + Level 3.9 Axes
 + Level 5.0 Armour
 + Level 4.1 Shields
 * Level 0.6 Invocations
 * Level 0.6 Evocations


You had 5 spell levels left.
You didn't know any spells.
Your spell library contained the following spells:

 Spells                   Type           Power      Damage    Failure   Level
 Shock                    Conj/Air       0%         1d3       83%         1
 Swiftness                Air            0%         N/A       99%         3
 Airstrike                Air            0%         2d(0-16)  100%        4
 Orb of Destruction       Conj           0%         9d5       100%        7
 Summon Guardian Golem    Hex/Summ       Unusable   N/A       N/A         3
 Spellforged Servitor     Conj/Summ      Unusable   N/A       N/A         7

Dungeon Overview and Level Annotations

Branches:
Dungeon (4/15)
 Temple: D:4-7

Altars:
Elyvilon
Okawaru
The Shining One

Shops:
D:3 (   D:4 =


Innate Abilities, Weirdness & Mutations

You are immune to sickness and miasma.
Your stone body is resilient. (AC +4)
You are immune to poison.
You resist negative energy. (rN+)
You are resistant to electric shocks. (rElec)
You are resistant to unholy torment.
You are immune to petrification.


Message History

The gnoll sergeant is heavily wounded.
The gnoll sergeant hits you with a +0 spear!
You hit the gnoll sergeant.
The gnoll sergeant is heavily wounded.
The gnoll sergeant misses you. You block the gnoll sergeant's attack.
You barely miss the gnoll sergeant.
The gnoll sergeant is heavily wounded.
The gnoll sergeant hits you with a +0 spear.
You barely miss the gnoll sergeant.
The gnoll sergeant is heavily wounded.
The gnoll sergeant hits you with a +0 spear.
The gnoll sergeant hits you from afar with a +0 spear.
The gnoll sergeant closely misses you.
The gnoll sergeant hits you but does no damage.
The gnoll sergeant barely misses you.
You hit the gnoll sergeant.
The gnoll sergeant is severely wounded.
The gnoll sergeant hits you with a +0 spear.
* * * LOW HITPOINT WARNING * * *
The gnoll sergeant hits you with a +0 spear.
* * * LOW HITPOINT WARNING * * *
You closely miss the gnoll sergeant.
The gnoll sergeant is severely wounded.
The gnoll sergeant hits you but does no damage.
You hit the gnoll sergeant.
The gnoll sergeant is severely wounded.
The gnoll sergeant hits you but does no damage.
You hit the gnoll sergeant.
The gnoll sergeant is severely wounded.
The gnoll sergeant closely misses you.
The gnoll sergeant hits you with a +0 spear.
* * * LOW HITPOINT WARNING * * *
You barely miss the gnoll sergeant.
The gnoll sergeant is severely wounded.
The gnoll sergeant hits you with a +0 spear.
* * * LOW HITPOINT WARNING * * *
You closely miss the gnoll sergeant.
The gnoll sergeant is severely wounded.
The gnoll sergeant hits you with a +0 spear.
You die...

....#......≈.≈...≈.≈_≈.≈..#
....##..#..≈.≈≈≈≈≈.≈≈≈?≈..#
....##.....≈g....≈gg...≈..#
...........≈≈≈≈≈.≈≈≈≈≈≈≈..#
.####...##........ .#
#..#.......##.# .#
#.........###g# ##
#.#####.....#g# ##
#####..@# ##### #########
######.......#
.........†...#
######>......# #########


You could see a gnoll sergeant and a hobgoblin.

Vanquished Creatures
  A scorpion (D:4)
  A howler monkey (D:4)
  3 hounds (D:4)
  An orc priest (D:4)
  4 adders (D:4)
  2 gnolls
  2 ufetubi (D:4)
  3 dart slugs
  3 orcs (D:4)
  5 ball pythons
  4 bats
  3 endoplasms (D:1)
  2 giant cockroaches
  6 goblins
  5 hobgoblins
  4 jackals (D:3)
  4 kobolds
  3 quokkas
  6 frilled lizards
  3 rats
65 creatures vanquished.

Vanquished Creatures (others)
  A fungus (D:2)
  4 toadstools (D:1)
5 creatures vanquished.

Grand Total: 70 creatures vanquished

Notes
Turn   | Place    | Note
-------+----------+-------------------------------------------
     0 | D:1      | bande the Gargoyle Fighter began the quest for the Orb.
     0 | D:1      | Reached XP level 1. HP: 14/14 MP: 1/1
   177 | D:1      | Reached XP level 2. HP: 18/19 MP: 2/2
   729 | D:2      | Reached XP level 3. HP: 22/23 MP: 3/3
   776 | D:2      | You fall into a shaft and drop 2 floors!
   825 | D:4      | Reached skill level 4 in Armour
   831 | D:4      | Reached XP level 4. HP: 8/29 MP: 4/4
   946 | D:4      | Noticed a phantom
   952 | D:4      | Noticed a scorpion
   974 | D:4      | Reached XP level 5. HP: 26/33 MP: 5/5
  1075 | D:4      | Reached XP level 6. HP: 33/38 MP: 6/6
  1116 | D:3      | Found Nazisedo's Antique Weapon Emporium.
  1365 | D:2      | Found an iron altar of Okawaru.
  1377 | D:2      | Became a worshipper of Warmaster Okawaru
  1803 | D:2      | Found a faded altar of an unknown god.
  2623 | D:4      | Found Weesm's Jewellery Shoppe.
  2640 | D:4      | Found a glowing golden altar of the Shining One.
  2649 | D:4      | Reached skill level 5 in Armour
  3051 | D:4      | Found a white marble altar of Elyvilon.
  3253 | D:4      | Slain by a gnoll sergeant

Illustrated notes

Levels and vault maps discovered:
D:1:      ldierk_water_garden, layout_basic
D:2:      layout_loops_ring, basic_altar, shapermc_ecumenical_altar_acropolis
D:3:      layout_loops_corners, serial_shops, nicolae_shop_statue_plus
D:4:      layout_rooms, mainiacjoe_overflow_catwalk_spiral, serial_shops, shop,
          due_unseen_surprise

Skill      XL: |  1  2  3  4  5  6 |
---------------+-------------------+-----
Axes           | 2 3 |  3.9
Armour         | 4 5 |  5.0
Fighting       | 4 |  4.4
Shields        | 4 |  4.1
Invocations    | |  0.6
Evocations     | |  0.6

Action                   |  1- 3 |  4- 6 || total
-------------------------+-------+-------++-------
Melee: War axe           |    91 |   125 ||   216
  Use: Scroll            |       |     9 ||     9
Armor: Scale mail        |    76 |    86 ||   162
Dodge: Dodged            |    55 |    77 ||   132
Block: Buckler           |    23 |    35 ||    58

Table legend: (Time is in decaauts)
 A = Elapsed time spent in this place.
 B = Non-inter-level travel time spent in this place.
 C = Inter-level travel time spent in this place.
 D = Time resting spent in this place.
 E = Time spent auto-exploring this place.
 F = Levels seen in this place.
 G = Mean time per level.
                   A        B        C        D        E       F      G
               +--------+--------+--------+--------+--------+-----+--------+
         Total |   3341 |   3290 |     51 |    407 |   2037 |   4 |  835.2 |
       Dungeon |   3341 |   3290 |     51 |    407 |   2037 |   4 |  835.2 |
               +--------+--------+--------+--------+--------+-----+--------+

Top non-repeatable levels by time:
     D:3: 1149 daAuts
     D:1: 749 daAuts
     D:4: 729 daAuts
     D:2: 712 daAuts
